 Dungeon Crawl Stone Soup version 0.24.1 (webtiles) character file.

Game seed: 3458242427667699007, levelgen mode: deterministic

682365 Blackmass the Hoplite (level 27, -6/268 HPs)
             Began as a Deep Dwarf Fighter on Mar 31, 2020.
             Was the Champion of Makhleb.
             Mangled by a shard shrike (17 damage)
             ... on level 5 of the Realm of Zot on Apr 6, 2020.
             The game lasted 10:49:19 (60361 turns).

Blackmass the Hoplite (Deep Dwarf Fighter)         Turns: 60361, Time: 10:49:19

Health: -6/268     AC: 39    Str: 35    XL:     27
Magic:  5/44 (26)  EV: 23    Int: 16    God:    Makhleb [******]
Gold:   5568       SH:  0    Dex: 28    Spells: 26/26 levels left

rFire    + . .     SeeInvis .   a - +8 war axe "Cikhayve" {chop, +Blink rPois Int+4}
rCold    + + .     Gourm    .   Q - +10 large shield "Zitym" {rC- rN++ Dex+3}
rNeg     + + +     Faith    .   T - +8 chain mail of the Princeling {rF+ rC++ MP+9}
rPois    +         Spirit   .   l - -1 hat of the Devil {rPois rC+ Str+4 Dex+5}
rElec    +         Reflect  +   w - +2 cloak {+Inv}
rCorr    .         Harm     .   W - +3 pair of gauntlets of War {Slay+5}
MR       ++++.     Rnd*Rage +   r - +2 pair of boots
Stlth    +++++.....             V - amulet "Agewk" {Reflect +Blink Dex+4 SH+4}
HPRegen  0.00/turn              k - ring of Zehytero {rElec MP+9 AC+3 Dex+5}
MPRegen  0.29/turn              d - ring of Phasing {EV+8}

@: marked, held, non-regenerating
A: damage resistance, heal wounds, berserk 1, blurry vision 1, clever 1, clumsy
1, deterioration 1, negative energy resistance 1, sense surroundings 3, poison
resistance, no regeneration
}: 3/15 runes: decaying, silver, gossamer
a: Heal Wounds, Minor Destruction, Lesser Servant of Makhleb, Major Destruction,
Greater Servant of Makhleb, Renounce Religion, Evoke Blink, Evoke Invisibility


You were on level 5 of the Realm of Zot.
You worshipped Makhleb.
Makhleb was exalted by your worship.
You were not hungry.

You visited 13 branches of the dungeon, and saw 55 of its levels.
You visited the Abyss 1 time.
You visited 1 bazaar.
You also visited: Gauntlet and Desolation.

You collected 7772 gold pieces.
You spent 2204 gold pieces at shops.

Inventory:

Hand Weapons
 a - the +8 war axe "Cikhayve" (weapon) {chop, +Blink rPois Int+4}
   (You took it off an orc wizard on level 5 of the Dungeon)

   It inflicts extra damage upon your enemies.
   It affects your intelligence (+4).
   It protects you from poison.
   It lets you blink.
 b - the +3 hand crossbow of the Dozen Emperors {elec, MP+9 Str+2 Dex+5}
   (You found it on level 3 of the Elven Halls)

   It charges the ammunition it shoots with electricity; occasionally upon a
   hit, such missiles may discharge and cause terrible harm.
   It affects your strength (+2).
   It affects your dexterity (+5).
   It affects your magic capacity (+9).
Missiles
 g - 1198 bolts
Armour
 l - the -1 hat of the Devil (worn) {rPois rC+ Str+4 Dex+5}
   (You found it on level 4 of the Vaults)

   It affects your strength (+4).
   It affects your dexterity (+5).
   It protects you from cold.
   It protects you from poison.
 r - a +2 pair of boots (worn)
 w - a +2 cloak of invisibility (worn)
 y - +6 shadow dragon scales
 D - the +1 chain mail of the Gardener {Regen+ Str+9 Int-4 SInv}
   (You bought it in a shop on level 9 of the Dungeon)

   It affects your strength (+9).
   It affects your intelligence (-4).
   It lets you see invisible.
   It increases your rate of regeneration.
 Q - the +10 large shield "Zitym" (worn) {rC- rN++ Dex+3}
   (You acquired it on level 3 of the Crypt)

   It affects your dexterity (+3).
   It makes you vulnerable to cold.
   It greatly protects you from negative energy.
 T - the +8 chain mail of the Princeling (worn) {rF+ rC++ MP+9}
   (You found it on level 3 of the Depths)

   It protects you from fire.
   It greatly protects you from cold.
   It affects your magic capacity (+9).
 W - the +3 pair of gauntlets of War (worn) {Slay+5}
   (You acquired it on level 4 of the Depths)

   It affects your accuracy and damage with ranged weapons and melee attacks
   (+5).
Jewellery
 d - the ring of Phasing (right hand) {EV+8}
   (You found it on level 5 of the Vaults)

   [ring of evasion]

   It affects your evasion (+8).
 k - the ring of Zehytero (left hand) {rElec MP+9 AC+3 Dex+5}
   (You bought it in a shop on level 2 of the Orcish Mines)

   [ring of protection]

   It affects your AC (+3).
   It affects your dexterity (+5).
   It insulates you from electricity.
   It affects your magic capacity (+9).
 F - an uncursed amulet of the acrobat
 V - the amulet "Agewk" (around neck) {Reflect +Blink Dex+4 SH+4}
   (You found it in a Gauntlet)

   [amulet of reflection]

   It shields you and reflects attacks.
   It affects your dexterity (+4).
   It lets you blink.
   It affects your SH (+4).
Wands
 z - a wand of enslavement (26)
 B - a wand of disintegration (20)
 K - a wand of flame (58)
 L - a wand of iceblast (48)
 O - a wand of digging (13)
 X - a wand of polymorph (14)
Scrolls
 e - a scroll of enchant weapon
 h - 7 scrolls of fear
 j - 18 scrolls of teleportation
 m - 5 scrolls of holy word
 n - 15 scrolls of remove curse
 p - 2 scrolls of blinking
 s - 2 scrolls of brand weapon
 A - 8 scrolls of magic mapping
 J - a scroll of silence
 P - 9 scrolls of fog
 R - 3 scrolls of summoning
 S - 5 scrolls of identify
Potions
 c - 3 potions of resistance
 i - 7 potions of haste
 o - 5 potions of ambrosia
 q - 11 potions of flight
 t - 17 potions of curing
 u - 10 potions of agility
 v - 2 potions of berserk rage
 E - a potion of magic
 G - 6 potions of invisibility
 H - 8 potions of mutation
 M - a potion of cancellation
 N - 2 potions of might
 U - a potion of heal wounds
Miscellaneous
 x - 4 phantom mirrors
 C - 2 sacks of spiders
 I - 2 boxes of beasts
 Y - a phial of floods
 Z - a fan of gales
Comestibles
 f - 59 rations


   Skills:
 - Level 20.0 Fighting
 - Level 21.0 Axes
   Level 3.0 Slings
 - Level 15.0 Crossbows
 + Level 22.8 Armour
 + Level 20.8 Dodging
 + Level 18.2 Stealth
 + Level 23.1 Shields
 - Level 19.0 Invocations
 - Level 10.0 Evocations


You had 26 spell levels left.
You didn't know any spells.
Your spell library contained the following spells:

 Spells                   Type           Power        Failure   Level  Hunger
 Animate Skeleton         Necr           N/A          56%         1    ##.....
 Apportation              Tloc           #.....       56%         1    ##.....
 Beastly Appendage        Tmut           #.....       56%         1    ##.....
 Confusing Touch          Hex            #.....       56%         1    ##.....
 Corona                   Hex            #......      56%         1    ##.....
 Flame Tongue             Conj/Fire      #....        56%         1    ##.....
 Infusion                 Chrm           #...         56%         1    ##.....
 Magic Dart               Conj           #...         56%         1    ##.....
 Shock                    Conj/Air       #...         56%         1    ##.....
 Summon Butterflies       Summ           #.......     56%         1    ##.....
 Summon Small Mammal      Summ           #...         56%         1    ##.....
 Blink                    Tloc           N/A          71%         2    ###....
 Call Imp                 Summ           #.......     71%         2    ###....
 Ensorcelled Hibernation  Hex/Ice        #.....       71%         2    ###....
 Passwall                 Tmut/Erth      #.......     71%         2    ###....
 Poisonous Vapours        Pois/Air       #.....       71%         2    ###....
 Shroud of Golubria       Chrm/Tloc      #.....       71%         2    ###....
 Slow                     Hex            #.......     71%         2    ###....
 Song of Slaying          Chrm           #.......     71%         2    ###....
 Sticks to Snakes         Tmut           #.......     71%         2    ###....
 Swiftness                Chrm/Air       #.......     71%         2    ###....
 Throw Flame              Conj/Fire      #.....       71%         2    ###....
 Throw Frost              Conj/Ice       #.....       71%         2    ###....
 Call Canine Familiar     Summ           #.......     90%         3    ####...
 Confuse                  Hex            #.......     90%         3    ####...
 Conjure Flame            Conj/Fire      #.......     90%         3    ####...
 Dazzling Spray           Conj/Hex       #.....       90%         3    ####...
 Gell's Gravitas          Tloc           #.........   90%         3    ####...
 Ignite Poison            Fire/Tmut/Pois #.......     90%         3    ####...
 Inner Flame              Hex/Fire       #.......     90%         3    ####...
 Lesser Beckoning         Tloc           #.........   90%         3    ####...
 Mephitic Cloud           Conj/Pois/Air  #.......     90%         3    ####...
 Ozocubu's Armour         Chrm/Ice       #.......     90%         3    ####...
 Portal Projectile        Hex/Tloc       #.....       90%         3    ####...
 Recall                   Summ/Tloc      N/A          90%         3    ####...
 Spectral Weapon          Hex/Chrm       #.......     90%         3    ####...
 Spider Form              Tmut/Pois      #.........   90%         3    ####...
 Static Discharge         Conj/Air       #.......     90%         3    ####...
 Stone Arrow              Conj/Erth      #.....       90%         3    ####...
 Summon Guardian Golem    Hex/Summ       #.......     90%         3    ####...
 Tukima's Dance           Hex            #.......     90%         3    ####...
 Airstrike                Air            #.........   100%        4    #####..
 Animate Dead             Necr           N/A          100%        4    #####..
 Cause Fear               Hex            #.........   100%        4    #####..
 Force Lance              Conj/Tloc      #.......     100%        4    #####..
 Ice Form                 Ice/Tmut       #.......     100%        4    #####..
 Iskenderun's Mystic Bla  Conj           #.......     100%        4    #####..
 Leda's Liquefaction      Hex/Erth       #.........   100%        4    #####..
 Passage of Golubria      Tloc           N/A          100%        4    #####..
 Petrify                  Tmut/Erth      #.......     100%        4    #####..
 Sticky Flame             Conj/Fire      #.......     100%        4    #####..
 Summon Ice Beast         Ice/Summ       #.......     100%        4    #####..
 Summon Lightning Spire   Summ/Air       #.......     100%        4    #####..
 Throw Icicle             Conj/Ice       #.......     100%        4    #####..
 Alistair's Intoxication  Tmut/Pois      #.......     100%        5    ######.
 Blade Hands              Tmut           #.........   100%        5    ######.
 Bolt of Magma            Conj/Fire/Erth #.........   100%        5    ######.
 Borgnjor's Vile Clutch   Necr/Erth      #.........   100%        5    ######.
 Excruciating Wounds      Chrm/Necr      #.........   100%        5    ######.
 Fireball                 Conj/Fire      #.........   100%        5    ######.
 Irradiate                Conj/Tmut      #.........   100%        5    ######.
 Iskenderun's Battlesphe  Conj/Chrm      #.......     100%        5    ######.
 Lee's Rapid Deconstruct  Erth           #.........   100%        5    ######.
 Lightning Bolt           Conj/Air       #.........   100%        5    ######.
 Metabolic Englaciation   Hex/Ice        #.........   100%        5    ######.
 Silence                  Hex/Air        #.........   100%        5    ######.
 Summon Mana Viper        Hex/Summ       #.......     100%        5    ######.
 Venom Bolt               Conj/Pois      #.........   100%        5    ######.
 Yara's Violent Unravell  Hex/Tmut       #.........   100%        5    ######.
 Bolt of Cold             Conj/Ice       #.........   100%        6    #######
 Bolt of Fire             Conj/Fire      #.........   100%        6    #######
 Conjure Ball Lightning   Conj/Air       #.........   100%        6    #######
 Darkness                 Hex            #.........   100%        6    #######
 Deflect Missiles         Chrm/Air       #.........   100%        6    #######
 Dispersal                Tloc           #.........   100%        6    #######
 Freezing Cloud           Conj/Ice/Air   #.........   100%        6    #######
 Hydra Form               Tmut           #.........   100%        6    #######
 Invisibility             Hex            #.......     100%        6    #######
 Iron Shot                Conj/Erth      #.........   100%        6    #######
 Ozocubu's Refrigeration  Ice            #.........   100%        6    #######
 Shadow Creatures         Summ           N/A          100%        6    #######
 Simulacrum               Ice/Necr       #.........   100%        6    #######
 Statue Form              Tmut/Erth      #........    100%        6    #######
 Dragon Form              Tmut           #.........   100%        7    #######
 Malign Gateway           Summ/Tloc      #.........   100%        7    #######
 Monstrous Menagerie      Summ           #.........   100%        7    #######
 Orb of Destruction       Conj           #.........   100%        7    #######
 Ring of Flames           Chrm/Fire      #.........   100%        7    #######
 Spellforged Servitor     Conj/Summ      #.........   100%        7    #######
 Summon Greater Demon     Summ           #.........   100%        7    #######
 Summon Hydra             Summ           #.........   100%        7    #######
 Controlled Blink         Tloc           N/A          100%        8    #######
 Discord                  Hex            #.........   100%        8    #######
 Disjunction              Tloc           #.........   100%        8    #######
 Ignition                 Fire           #.........   100%        8    #######
 Summon Horrible Things   Summ           #.........   100%        8    #######
 Dragon's Call            Summ           #.........   100%        9    #######
 Shatter                  Erth           #.........   100%        9    #######
 Tornado                  Air            #.........   100%        9    #######
 Regeneration             Chrm/Necr      Unusable     N/A         3    N/A

Dungeon Overview and Level Annotations

Branches:
Dungeon (15/15)            Temple (1/1) D:4            Lair (6/6) D:9
  Swamp (4/4) Lair:4       Spider (4/4) Lair:2        Slime (1/5) Lair:5
    Orc (2/2) D:10            Elf (3/3) Orc:2        Vaults (5/5) D:14
  Crypt (3/3) Vaults:3       Tomb (1/3) Crypt:3      Depths (5/5) D:15
    Zot (5/5) Depths:5    Desolation (visited)      Gauntlet (visited)

Altars:
Ashenzari
Dithmenos
Gozag
Hepliaklqana
Kikubaaqudgha
Makhleb
Nemelex Xobeh
Qazlal
Ru
Sif Muna
Trog
Uskayaw
Vehumet
Wu Jian
Xom
Yredelemnul
Zin
Jiyva

Shops:
D:3 *   D:5 }   D:9 [   D:14 [   D:15 !   Orc:2 =?}?   Elf:2 [   Vaults:2 !
Vaults:4 !   Depths:1 *   Depths:2 *   Depths:4 *

Portals:
Hell: Depths:1 Depths:2 Depths:3 Depths:4
Abyss: Depths:2 Depths:4
Pandemonium: Depths:3


Innate Abilities, Weirdness & Mutations

You are resistant to damage.
You can heal yourself by infusing magical energy.
You resist negative energy. (rN+)
You passively map a large area around you.
You do not regenerate.
You tend to lose your temper in combat.
Scrolls take you a little longer to read.
Your mind is acute. (Int +2)
You are clumsy. (Dex -2)
Your body sometimes deteriorates upon taking damage.
Your system is resistant to poisons. (rPois)


Message History

The ancient lich casts a spell.
The ancient lich seems to speed up.
The Killer Klown strangle-hugs you with a +11 club of freezing!!
* * * LOW HITPOINT WARNING * * *
The Killer Klown freezes you.
The yellow draconian rages.
The yellow draconian shifter blinks!
The Orb Guardian hits you!!
* * * LOW HITPOINT WARNING * * *
You feel you are being watched by something.
You feel your power leaking away.
Your magical essence is drained by the effort!
You feel much better. The shard shrike closely misses you.
The shard shrike claws you!
* * * LOW HITPOINT WARNING * * *
The shard shrike freezes you! You resist.
* * * LOW HITPOINT WARNING * * *
The shard shrike claws you.
* * * LOW HITPOINT WARNING * * *
The shard shrike freezes you!! You resist.
You die...

^...........▓ ▓▓▓▓▓▓▓▓▓ ▓.. ,
............▓▓▓.......▓▓▓..
...^..q.....▓▓.........▓▓..
,,
.......^....▓...........▓..
,,
...........(....X.0.§§..?..
,,,
......11.8yX▓.........§z▓X. ,
.......pdL{z▓▓....§X...▓▓..
,,
,,.......(LbXX▓▓▓....§..▓▓▓..
.....p.^d*@)# ▓▓▓▓▓▓▓▓▓ #/. ,
,.....d..Xpp## ##. , ,,
.d.....d.▓## ## , ...d..▓▓▓▓
, ▓▓▓▓▓▓▓▓▓▓▓# * ,
,,^......^...### ##
.(.....##....## *#.^ , ,
[...... ###..^###########...
, .D..... ##.).............#


You could see an orb of fire, 4 Killer Klowns, an electric golem, 2 ancient
liches, a shard shrike (berserk), a Brimstone Fiend, an Ice Fiend, 3 draconians,
a green draconian, a white draconian, a yellow draconian shifter, a death cob, 4
Orb Guardians and a moth of wrath.

Vanquished Creatures
  5 ancient liches
  Mara (Crypt:3)
  2 orbs of fire (Zot:5)
  Sojobo (Vaults:2)
  The ghost of Inkhbe the Merry Centaur, a veteran CeHu of Okawaru (Zot:5)
  The ghost of Bombadill the Slayer, a veteran BaFE of Vehumet (Crypt:3)
  Boris (Depths:4)
  Frederick (Vaults:5)
  Bai Suzhen (Spider:3)
  2 curse toes
  2 Killer Klowns (Zot:5)
  Saint Roka (Vaults:4)
  Jory (Vaults:3)
  Nikola (Spider:3)
  6 golden dragons
  A profane servitor (Crypt:3)
  6 electric golems
  A shard shrike zombie (Crypt:1)
  17 tentacled monstrosities
  Jorgrun (Elf:1)
  Rupert (Lair:3)
  A deep elf master archer (Elf:3)
  The ghost of nightchill the Spry, an adept MfAK of Lugonu (Depths:2)
  17 Orb Guardians (Zot:5)
  12 liches
  8 titans
  2 quicksilver dragons
  Frances (D:12)
  4 death cobs
  3 deep elf blademasters (Elf:3)
  An eldritch tentacle (Zot:5)
  12 ancient champions
  4 sphinxes
  5 thorn hunters
  3 acid blobs (Slime:1)
  Donald (Spider:3)
  7 shadow dragons
  3 revenants
  12 storm dragons
  12 tengu reavers
  5 draconian monks (Zot:5)
  9 fire giants
  10 frost giants
  5 draconian knights
  A spectral juggernaut (Depths:2)
  9 deep elf sorcerers
  4 iron dragons
  A curse skull (Crypt:2)
  6 draconian shifters
  7 ghost moths
  6 draconian scorchers
  2 imperial myrmidons (Desolation)
  The ghost of LifeIsToil the Fighter, a journeyman MiGl of Makhleb (Lair:3)
  13 ghouls
  A balrug (Gauntlet)
  4 emperor scorpions
  A caustic shrike zombie (Depths:1)
  7 deep elf elementalists
  10 vault wardens
  2 draconian stormcallers
  5 draconian annihilators
  A reaper (Crypt:3)
  11 ironheart preservers
  18 very ugly things
  4 entropy weavers
  4 war gargoyles
  17 stone giants
  8 vampire knights
  10 green draconians
  6 deep elf demonologists
  20 black draconians
  Azrael (D:14)
  9 yellow draconians
  2 halazid warlocks (Desolation)
  15 spark wasps
  7 deep elf annihilators
  12 white draconians
  10 purple draconians
  A minotaur (Gauntlet)
  9 red draconians
  A dire elephant (shapeshifter) (Depths:3)
  2 eidola
  A mummy priest (Tomb:1)
  9 ettins
  8 deep elf death magi
  10 fire dragons
  4 ragged hierophants (Desolation)
  Josephine (Spider:1)
  3 yaktaur captains
  18 jiangshi
  A green death (Depths:3)
  A crystal guardian (Vaults:2)
  6 deep elf high priests
  8 great orbs of eyes
  10 servants of whispers (Desolation)
  23 hydras
  2 caustic shrike simulacra (Depths:2)
  13 ice dragons
  6 rakshasas
  31 vault guards
  Harold (D:8)
  2 catoblepae
  12 peacekeepers
  A ghost crab (Swamp:3)
  3 shambling mangroves
  Erica (D:10)
  5 spriggan air magi
  10 centaur warriors
  21 vampire magi
  67 two-headed ogres
  An alligator (shapeshifter) (Depths:2)
  5 death knights
  17 ogre magi
  23 dancing weapons
  19 alligators
  The ghost of Nebesus the Grappler, a novice DrAK of Lugonu (Lair:1)
  12 deep troll shamans
  A titan zombie (Tomb:1)
  6 death yaks
  An orc high priest (Elf:2)
  5 tengu warriors
  7 spriggan berserkers
  Sonja (D:13)
  8 deep troll earth magi
  9 spriggans
  4 thrashing horrors (Abyss:3)
  7 shock serpents (Zot:3)
  Nergalle (D:10)
  2 hell knights
  7 soul eaters
  A sun demon (Depths:3)
  5 large abominations
  23 deep elf knights
  A storm dragon zombie (Crypt:3)
  3 shadow wraiths
  64 skeletal warriors
  2 iron trolls
  4 sixfirhies
  6 spriggan druids
  34 deep trolls
  5 unseen horrors
  6 glowing orange brains
  A swamp dragon (shapeshifter) (Depths:3)
  7 flayed ghosts
  A ghost moth zombie (Crypt:1)
  11 deep elf archers
  2 wolf spider zombies (D:14)
  11 swamp dragons
  21 ironbrand convokers
  2 wizards
  6 necromancers
  A shadow dragon zombie (Crypt:1)
  15 phantasmal warriors
  5 harpies (Vaults:2)
  28 ugly things
  18 wolf spiders
  15 orc knights
  A fire giant zombie (Crypt:3)
  The ghost of Nebesus the Transmogrifier, a novice DrTm of Wu Jian (D:6)
  2 manticores
  A salamander (shapeshifter) (Depths:1)
  4 oklob plants (Lair:6)
  A faun (Lair:4)
  20 orb spiders
  11 cyclopes
  3 orc sorcerers
  50 deep elf magi
  24 moths of wrath
  6 elephants
  2 black mambas
  2 naga magi (Vaults:4)
  The ghost of Nebesus the Covered, a novice MiGl (D:5)
  2 centaur zombies
  Maurice (D:8)
  2 guardian serpents (Desolation)
  12 vault sentinels
  A fire giant skeleton (Crypt:1)
  Joseph (Lair:1)
  3 torpor snails
  3 minotaur zombies
  33 spiny frogs
  3 rime drakes (Lair:3)
  An orange demon (Depths:3)
  A catoblepas zombie (Crypt:3)
  A rime drake (shapeshifter) (Vaults:3)
  2 efreet
  A storm dragon simulacrum (Crypt:1)
  A yaktaur (shapeshifter) (Depths:2)
  36 yaktaurs
  3 kobold demonologists (D:11)
  A redback zombie (D:14)
  12 freezing wraiths
  17 demonic crawlers
  11 komodo dragons
  A hellwing (Depths:3)
  34 jumping spiders
  A troll (shapeshifter) (Vaults:1)
  4 tengu conjurers
  A catoblepas skeleton (Crypt:3)
  A jumping spider (shapeshifter) (Depths:4)
  17 trolls
  4 harpy zombies
  A sea snake skeleton (Crypt:2)
  3 hydra zombies
  A yellow draconian skeleton (Crypt:2)
  A red devil (Depths:3)
  A merfolk (shapeshifter) (Elf:3)
  A polar bear (Lair:3)
  Prince Ribbit (D:8)
  A moth of wrath zombie (Crypt:1)
  14 tyrant leeches
  A hornet (shapeshifter) (Vaults:4)
  34 blink frogs
  A slime creature (shapeshifter) (Vaults:5)
  23 hornets
  16 bog bodies
  7 hippogriffs
  5 raiju
  A guardian serpent zombie (Crypt:3)
  A fire giant simulacrum (Vaults:2)
  A meliai zombie (D:15)
  66 saltlings
  9 dream sheep
  26 slime creatures
  A centaur simulacrum (D:15)
  2 hippogriffs (shapeshifter)
  A fire dragon skeleton (Depths:1)
  79 redbacks
  3 shadows
  5 starcursed masses (Abyss:3)
  4 human simulacra
  4 flying skulls (Gauntlet)
  3 air elementals (Elf:3)
  A deep troll skeleton (Depths:1)
  A spriggan (shapeshifter) (Vaults:2)
  A wyvern (shapeshifter) (Vaults:1)
  An ice dragon skeleton (Depths:1)
  4 vampires
  25 tarantellas
  14 wraiths
  7 wyverns
  3 water elementals (Depths:1)
  43 yaks
  6 fire bats
  6 fire elementals
  2 basilisks
  A hog (shapeshifter) (Depths:3)
  5 hungry ghosts
  A steam dragon (D:10)
  A death yak simulacrum (Lair:3)
  A neqoxec (Abyss:3)
  18 swamp worms
  Grum (D:8)
  2 wargs
  A torturous demonspawn zombie (Crypt:3)
  21 vampire mosquitoes
  2 acid dragons
  12 insubstantial wisps
  Edmund (D:6)
  A deep troll zombie (Crypt:3)
  A hydra simulacrum (Crypt:1)
  13 water moccasins
  16 porcupines
  Duvessa (D:6)
  5 hell hounds
  A two-headed ogre skeleton (Crypt:1)
  An ogre skeleton (Vaults:1)
  4 sky beasts
  A torturous demonspawn skeleton (Crypt:1)
  31 orc warriors
  12 swamp drakes
  A swamp dragon zombie (Crypt:3)
  A gelid demonspawn skeleton (Crypt:2)
  A water nymph skeleton (Crypt:2)
  A monstrous demonspawn skeleton (Crypt:1)
  A hornet zombie (D:14)
  6 ice beasts
  6 black bears
  An eye of draining (D:14)
  6 necrophages
  53 wolves
  3 phantoms
  12 boggarts
  48 ogres
  An ettin simulacrum (Depths:1)
  A swamp dragon skeleton (Crypt:1)
  20 centaurs
  14 crocodiles
  5 big kobolds
  An elf zombie (D:8)
  30 bullfrogs
  A gnoll sergeant (Orc:2)
  An earth elemental (Elf:2)
  Dowan (D:6)
  A wyvern skeleton (D:11)
  2 scorpions
  A small abomination (Abyss:3)
  A blink frog simulacrum (Lair:3)
  A dream sheep simulacrum (Lair:3)
  5 howler monkeys
  7 wights
  6 electric eels
  A spriggan skeleton (Crypt:2)
  A wolf zombie (Crypt:1)
  12 crimson imps
  2 bullfrog zombies
  A quasit (D:7)
  7 hounds
  An iron imp (Abyss:3)
  4 jellies
  7 human zombies
  20 orc wizards
  15 orc priests
  A water moccasin simulacrum (Lair:3)
  A bullfrog skeleton (D:12)
  A gnoll shaman (D:4)
  2 iguanas
  6 centaur skeletons
  Natasha (twice) (D:2)
  3 human skeletons
  5 lightning spires (Zot:3)
  13 worker ants
  A crocodile zombie (Crypt:2)
  A felid zombie (Crypt:1)
  A sky beast zombie (Crypt:1)
  A crocodile skeleton (Crypt:2)
  2 worker ant zombies
  10 gnolls
  9 adders
  10 shadow imps
  2 white imps
  2 ufetubi (Gauntlet)
  2 adder zombies
  A worm (D:3)
  A ball lightning (Zot:3)
  A dart slug (D:4)
  2 leopard geckos (D:3)
  104 orcs
  2 ball pythons
  8 bats
  10 giant cockroaches
  4 goblins
  9 hobgoblins
  5 jackals
  6 quokkas
  6 frilled lizards
  A jackal skeleton (D:5)
  15 kobolds
  A quokka skeleton (D:4)
  2 rats
  A river rat skeleton (Crypt:3)
  10 briar patches
  A butterfly (Lair:5)
  2 crawling corpses (Elf:3)
  10 fungi
  15 plants
2680 creatures vanquished.

Vanquished Creatures (collateral kills)
  the Lernaean hydra (Swamp:4)
  A bone dragon (Abyss:3)
  A hydra (Swamp:4)
  A blink frog (Lair:1)
  A yak (Lair:1)
  A water moccasin (Lair:1)
  A black mamba simulacrum (Lair:3)
  A wolf (D:9)
  2 big kobolds (D:8)
  A hound (D:9)
  A human skeleton (D:8)
  A mummy (D:8)
  2 jackals (D:9)
15 creatures vanquished.

Vanquished Creatures (others)
  3 deep elf master archers (Elf:3)
  A storm dragon (Zot:3)
  A death cob (Zot:3)
  A ghost moth (Zot:5)
  A deep elf elementalist (Elf:3)
  A draconian annihilator (Zot:5)
  An ironheart preserver (Vaults:5)
  5 stone giants
  Nessos (D:13)
  2 black draconians (Zot:3)
  A deep elf annihilator (Depths:4)
  A spark wasp (Zot:3)
  An ettin (Depths:5)
  A deep elf high priest (Elf:3)
  4 yaktaur captains
  2 death knights
  2 centaur warriors
  A vampire mage (Crypt:3)
  An unseen horror (shapeshifter) (Vaults:5)
  5 deep elf archers
  A vault sentinel (Vaults:2)
  17 yaktaurs
  A redback (Spider:3)
  An electric eel (D:9)
  A boggart (Vaults:3)
  An orc warrior (Vaults:4)
  10 centaurs
  4 ball lightnings (Zot:3)
  2 briar patches (Swamp:4)
  15 fungi
  40 plants
  14 withered plants (Gauntlet)
143 creatures vanquished.

Grand Total: 2838 creatures vanquished

Notes
Turn   | Place    | Note
-------+----------+-------------------------------------------
     0 | D:1      | Blackmass the Deep Dwarf Fighter began the quest for the
                  | Orb.
     0 | D:1      | Reached XP level 1. HP: 20/20 MP: 1/1
   216 | D:1      | Reached XP level 2. HP: 25/27 MP: 2/2
  1184 | D:2      | Found a sparkling altar of Nemelex Xobeh.
  1268 | D:2      | Reached XP level 3. HP: 17/33 MP: 3/3
  1393 | D:2      | Found a bloodstained altar of Trog.
  1563 | D:2      | Noticed Natasha
  1572 | D:2      | Killed Natasha
  1794 | D:2      | Noticed Natasha
  1802 | D:2      | Killed Natasha
  1802 | D:2      | Reached skill level 5 in Axes
  1802 | D:2      | Reached XP level 4. HP: 14/40 MP: 4/4
  1897 | D:3      | Found Zin's Purification Station.
  1919 | D:3      | Found a glowing silver altar of Zin.
  1974 | D:3      | Reached XP level 5. HP: 39/46 MP: 5/5
  2454 | D:4      | Found a sparkling altar of Nemelex Xobeh.
  2534 | D:4      | Noticed a phantom
  2575 | D:4      | Killed a phantom
  2575 | D:4      | Reached XP level 6. HP: 22/55 MP: 5/5
  2671 | D:4      | Found a radiant altar of Vehumet.
  2698 | D:4      | Reached skill level 1 in Slings
  2722 | D:4      | Found an ancient bone altar of Kikubaaqudgha.
  2734 | D:4      | Found a shimmering blue altar of Sif Muna.
  2745 | D:4      | Identified Sif Muna's Volume of Orientation
  2791 | D:4      | Got a sparkling brass ring
  2794 | D:4      | Identified the ring "Wewabb" {rC+ rN+ Int+2 Dex-2} (You
                  | found it on level 4 of the Dungeon)
  3123 | D:4      | Found a staircase to the Ecumenical Temple.
  3157 | D:4      | Reached XP level 7. HP: 39/61 MP: 6/6
  3164 | Temple   | Entered the Ecumenical Temple
  3189 | Temple   | Became a worshipper of Makhleb the Destroyer
  3333 | D:4      | Found a sacrificial altar of Ru.
  3468 | D:5      | Entered Level 5 of the Dungeon
  3570 | D:5      | Found Wiywesepn's Gadget Boutique.
  3806 | D:5      | Found a large runed translucent door.
  3807 | D:5      | Found a large runed translucent door.
  3815 | D:5      | Noticed Nebesus's ghost (novice MiGl)
  3834 | D:5      | Killed Nebesus's ghost
  3903 | D:5      | Reached XP level 8. HP: 50/69 MP: 6/6
  4062 | D:5      | Identified the +8 war axe "Cikhayve" {chop, +Blink rPois
                  | Int+4}
  4098 | D:5      | Reached skill level 5 in Armour
  4435 | D:6      | Reached * piety under Makhleb
  4435 | D:6      | Reached skill level 1 in Invocations
  4569 | D:6      | Reached skill level 1 in Evocations
  4613 | D:6      | Noticed Edmund
  4620 | D:6      | Killed Edmund
  4925 | D:6      | Found a runed translucent gate.
  4925 | D:6      | Found a runed translucent gate.
  4925 | D:6      | Found a runed translucent gate.
  4927 | D:6      | Found an opulent altar of Gozag.
  4957 | D:6      | Noticed Nebesus's ghost (novice DrTm)
  5004 | D:6      | Reached skill level 5 in Fighting
  5004 | D:6      | Gained mutation: You passively map the area around you.
                  | [Deep Dwarf growth]
  5004 | D:6      | Reached XP level 9. HP: 34/81 MP: 9/9
  5275 | D:6      | Reached skill level 10 in Axes
  5289 | D:6      | Killed Nebesus's ghost
  5289 | D:6      | Reached skill level 4 in Shields
  5540 | D:6      | Noticed Duvessa
  5551 | D:6      | Killed Duvessa
  5551 | D:6      | Noticed Dowan
  5556 | D:6      | Killed Dowan
  5556 | D:6      | Reached ** piety under Makhleb
  5709 | D:7      | HP: 2/82 [swamp worm (13)]
  5778 | D:7      | Reached skill level 5 in Evocations
  5867 | D:7      | Reached skill level 5 in Shields
  6811 | D:8      | Noticed Maurice
  6812 | D:8      | Noticed Grum
  6826 | D:8      | Reached XP level 10. HP: 80/91 MP: 11/11
  6845 | D:8      | Killed Grum
  7133 | D:8      | Got a faintly glowing leather armour
  7136 | D:8      | Identified the +1 leather armour "Sutuiplof" {Stlth+} (You
                  | found it on level 8 of the Dungeon)
  7202 | D:8      | Killed Maurice
  7261 | D:8      | Reached skill level 6 in Shields
  7467 | D:8      | Reached *** piety under Makhleb
  7468 | D:8      | Noticed Harold
  7480 | D:8      | Killed Harold
  7480 | D:8      | Reached skill level 5 in Invocations
  7514 | D:8      | Noticed Prince Ribbit
  7979 | D:8      | Noticed a three-headed hydra
  8021 | D:8      | Killed a one-headed hydra
  8065 | D:8      | Reached skill level 7 in Shields
  8081 | D:8      | Reached XP level 11. HP: 85/100 MP: 13/13
  8092 | D:8      | Found an ancient bone altar of Kikubaaqudgha.
  8267 | D:8      | Killed Prince Ribbit
  8507 | D:9      | Found Baph's Armour Shop.
  8510 | D:9      | Bought the cursed +1 chain mail of the Gardener {Regen+
                  | Str+9 Int-4 SInv} for 423 gold pieces
  8719 | D:9      | Found a staircase to the Lair.
  8811 | D:9      | Noticed a two-headed ogre
  8844 | D:9      | Killed a two-headed ogre
  8844 | D:9      | Reached skill level 1 in Dodging
  8940 | D:9      | Reached **** piety under Makhleb
  9502 | D:10     | Entered Level 10 of the Dungeon
  9667 | D:10     | Noticed an unseen horror
  9675 | D:10     | Killed an unseen horror
  9677 | D:10     | Reached skill level 8 in Shields
  9770 | D:10     | Noticed Nergalle
  9779 | D:10     | Killed Nergalle
  9829 | D:10     | Noticed an unseen horror
  9833 | D:10     | Killed an unseen horror
  9993 | D:10     | Noticed Erica
 10007 | D:10     | Killed Erica
 10186 | D:10     | Found a staircase to the Orcish Mines.
 10317 | D:11     | Noticed a centaur warrior
 10327 | D:11     | Killed a centaur warrior
 10334 | D:11     | Reached skill level 10 in Armour
 10534 | Lair:1   | Entered Level 1 of the Lair of Beasts
 10546 | Lair:1   | Reached skill level 5 in Dodging
 10563 | Lair:1   | Reached XP level 12. HP: 110/110 MP: 15/15
 10668 | Lair:1   | Found a runed translucent door.
 10669 | Lair:1   | Found a shimmering altar of Xom.
 10669 | Lair:1   | Noticed Nebesus's ghost (novice DrAK)
 10710 | Lair:1   | Killed Nebesus's ghost
 10726 | Lair:1   | Reached ***** piety under Makhleb
 10726 | Lair:1   | Reached skill level 9 in Shields
 10796 | Lair:1   | Noticed Joseph
 10811 | Lair:1   | Killed Joseph
 11263 | Lair:1   | Noticed a death yak
 11277 | Lair:1   | Killed a death yak
 11484 | Lair:1   | Noticed a death yak
 11499 | Lair:1   | Killed a death yak
 11923 | Lair:2   | Noticed a four-headed hydra
 11937 | Lair:1   | Killed a one-headed hydra
 11989 | Lair:2   | Found a hole to the Spider Nest.
 12702 | Lair:2   | Reached XP level 13. HP: 118/118 MP: 16/16
 12849 | Lair:3   | Found a gate leading to a gauntlet.
 12858 | Gauntlet | Entered a Gauntlet
 12858 | Gauntlet | Found a transporter.
 12858 | Gauntlet | Found a transporter.
 12861 | Gauntlet | Found a transporter.
 12862 | Gauntlet | Found a transporter.
 12862 | Gauntlet | Found a transporter.
 12862 | Gauntlet | Found a transporter.
 12935 | Gauntlet | Found a transporter.
 12939 | Gauntlet | Found a transporter.
 12955 | Gauntlet | Found a transporter.
 12978 | Gauntlet | Identified the +0 shortbow "Dotzash" {venom, rF+}
 12978 | Gauntlet | Noticed a minotaur
 12979 | Gauntlet | Found a transporter.
 12979 | Gauntlet | Noticed a balrug
 13013 | Gauntlet | Found a transporter.
 13017 | Gauntlet | Found a transporter.
 13060 | Gauntlet | Reached skill level 10 in Shields
 13118 | Gauntlet | Got a pitted lead amulet
 13137 | Gauntlet | Killed a balrug
 13148 | Gauntlet | Got a scorched ruby amulet
 13191 | Gauntlet | Killed a minotaur
 13208 | Gauntlet | Got a faintly humming large shield
 13212 | Gauntlet | Identified the Disquisition on Self-Knowledge
 13228 | Gauntlet | Identified the cursed +0 large shield of Buraapt {rC+ Int-3
                  | SInv Stlth+} (You found it in a Gauntlet)
 13228 | Gauntlet | Identified the amulet "Riabaef" {Faith rElec} (You found it
                  | in a Gauntlet)
 13230 | Gauntlet | Identified the amulet "Agewk" {Reflect +Blink Dex+4 SH+4}
                  | (You found it in a Gauntlet)
 13238 | Gauntlet | Got a pitted ring mail
 13257 | Gauntlet | Identified the cursed +1 ring mail of Pirregru {*Slow +Inv
                  | Str-5 Int+6} (You found it in a Gauntlet)
 13598 | Lair:3   | Found a runed translucent gate.
 13598 | Lair:3   | Found a runed translucent gate.
 13599 | Lair:3   | Found a runed translucent gate.
 13682 | Lair:3   | Noticed LifeIsToil's ghost (journeyman MiGl)
 13896 | Lair:3   | Noticed Rupert
 13908 | Lair:3   | Killed Rupert
 14183 | Lair:3   | Reached skill level 10 in Invocations
 14191 | Lair:3   | Killed LifeIsToil's ghost
 14199 | Lair:3   | Got the ring "Puve" {Fire}
 14211 | Lair:3   | Identified the ring "Puve" {Fire rPois Dex+3} (You found it
                  | on level 3 of the Lair of Beasts)
 14408 | Lair:4   | Found a staircase to the Swamp.
 14921 | Lair:4   | Gained mutation: You resist negative energy. (rN+) [Deep
                  | Dwarf growth]
 14921 | Lair:4   | Reached XP level 14. HP: 130/130 MP: 18/18
 15350 | Lair:5   | Found a viscous altar of Jiyva.
 15377 | Lair:5   | Found a staircase to the Slime Pits.
 15720 | Lair:6   | Entered Level 6 of the Lair of Beasts
 16127 | Orc:1    | Entered Level 1 of the Orcish Mines
 16538 | Orc:2    | Entered Level 2 of the Orcish Mines
 16670 | Orc:2    | Reached skill level 11 in Shields
 16884 | Orc:2    | Found Vyagaw's Gadget Boutique.
 16901 | Orc:2    | Reached skill level 10 in Fighting
 16982 | Orc:2    | Reached skill level 10 in Dodging
 17098 | Orc:2    | Found Viulintuu's Jewellery Shoppe.
 17250 | Orc:2    | Found Usauzaoh's Magic Scroll Emporium.
 17254 | Orc:2    | Found Upon Mee's Magic Scroll Shoppe.
 17291 | Orc:2    | Bought the ring of Zehytero {rElec MP+9 AC+3 Dex+5} for 901
                  | gold pieces
 17298 | Orc:2    | Bought a scroll of enchant armour for 105 gold pieces
 17298 | Orc:2    | Bought a scroll of identify for 28 gold pieces
 17298 | Orc:2    | Bought a scroll of identify for 28 gold pieces
 17308 | Orc:2    | Bought a scroll of enchant armour for 105 gold pieces
 17308 | Orc:2    | Bought a scroll of enchant armour for 105 gold pieces
 17370 | Orc:2    | Found a staircase to the Elven Halls.
 17759 | Elf:1    | Entered Level 1 of the Elven Halls
 17809 | Elf:1    | Found a radiant altar of Vehumet.
 18002 | Elf:1    | Noticed Jorgrun
 18024 | Elf:1    | Killed Jorgrun
 18024 | Elf:1    | Reached ****** piety under Makhleb
 18198 | Elf:1    | Reached XP level 15. HP: 140/140 MP: 21/21
 18259 | Elf:1    | Reached skill level 12 in Shields
 18579 | Elf:2    | Found Ikle's Antique Armour Boutique.
 18840 | Elf:2    | Found a runed translucent gate.
 18840 | Elf:2    | Found a runed translucent gate.
 18840 | Elf:2    | Found a runed translucent gate.
 19590 | Elf:3    | Entered Level 3 of the Elven Halls
 19847 | Elf:3    | Reached skill level 13 in Shields
 20328 | Elf:3    | Noticed a deep elf sorcerer
 20336 | Elf:3    | Killed a deep elf sorcerer
 20342 | Elf:3    | Cast into level 3 of the Abyss (a ghostly deep elf
                  | sorcerer)
 20449 | Abyss:3  | Reached XP level 16. HP: 151/151 MP: 22/22
 20475 | Abyss:3  | Found a corrupted altar of Lugonu.
 20596 | Abyss:3  | Noticed a bone dragon
 20613 | Abyss:3  | Killed a bone dragon
 20621 | Elf:3    | Escaped the Abyss
 20713 | Elf:3    | Noticed a deep elf master archer
 20726 | Elf:3    | Killed a deep elf master archer
 20794 | Elf:3    | Noticed an Ice Fiend
 20979 | Elf:3    | Noticed a deep elf blademaster
 20987 | Elf:3    | Noticed a deep elf blademaster
 20990 | Elf:3    | Killed a deep elf blademaster
 20991 | Elf:3    | Identified the +8 chain mail of Gehenna {Str+2}
 20991 | Elf:3    | Noticed a deep elf master archer
 20997 | Elf:3    | Killed a deep elf blademaster
 21000 | Elf:3    | Killed a deep elf master archer
 21010 | Elf:3    | Noticed a deep elf master archer
 21011 | Elf:3    | Identified the +1 chain mail of the Hippo {MR+ Regen+
                  | Slay+6}
 21011 | Elf:3    | Identified the amulet of Benenuss {rElec Regen+ Str+6}
 21011 | Elf:3    | Noticed a deep elf blademaster
 21011 | Elf:3    | Identified the amulet of Usiatum {Acrobat Int+3}
 21011 | Elf:3    | Noticed a deep elf master archer
 21025 | Elf:3    | Killed a deep elf master archer
 21026 | Elf:3    | Killed a deep elf blademaster
 21027 | Elf:3    | Killed a deep elf master archer
 21027 | Elf:3    | Reached skill level 14 in Shields
 21074 | Elf:3    | Got a wavering jade amulet
 21075 | Elf:3    | Identified the amulet of Youthful Indiscretion {Inacc rF+
                  | rC+ rN+ MP-9} (You found it on level 3 of the Elven Halls)
 21084 | Elf:3    | Identified Sif Muna's Tome of Lucky Ignition
 21092 | Elf:3    | Got a fine hand crossbow
 21093 | Elf:3    | Identified Jantetuv's Primer on Theurgy
 21095 | Elf:3    | Identified the Catalogue of Ghastly Good Luck
 21108 | Elf:3    | Got a jewelled dagger
 21135 | Elf:3    | Got a bone longbow
 21136 | Elf:3    | Identified the cursed +3 hand crossbow of the Dozen
                  | Emperors {elec, MP+9 Str+2 Dex+5} (You found it on level 3
                  | of the Elven Halls)
 21138 | Elf:3    | Lost intelligence.
 21138 | Elf:3    | Identified the +6 dagger of the Scorpion {freeze, rPois
                  | rF++ Int-5} (You found it on level 3 of the Elven Halls)
 21152 | Elf:3    | Identified the +10 longbow "Xaucakh" {velocity, rN+ Str+4}
                  | (You found it on level 3 of the Elven Halls)
 21394 | Elf:3    | Reached skill level 1 in Crossbows
 21394 | Elf:3    | Reached skill level 15 in Invocations
 23170 | D:11     | Reached XP level 17. HP: 159/159 MP: 24/24
 23318 | D:12     | Noticed Frances
 23348 | D:12     | Killed Frances
 24033 | D:13     | Noticed Nessos
 24036 | D:13     | Noticed Sonja
 24040 | D:13     | Killed Nessos
 24069 | D:13     | Killed Sonja
 24388 | D:14     | Noticed Azrael
 24400 | D:14     | Killed Azrael
 24400 | D:14     | Reached skill level 5 in Crossbows
 24486 | D:14     | Got a polished chain mail
 24497 | D:14     | Identified the cursed +0 chain mail of the Slightly Bent
                  | {rN+ MR+} (You found it on level 14 of the Dungeon)
 24561 | D:14     | Found Lucievor's Antique Armour Shoppe.
 24569 | D:14     | Bought a glowing scarf for 272 gold pieces
 25010 | D:14     | Found a gate to the Vaults.
 25217 | D:15     | Entered Level 15 of the Dungeon
 25258 | D:15     | Reached skill level 15 in Axes
 25426 | D:15     | Found a staircase to the Depths.
 25636 | D:15     | Found Edem's Distillery.
 26212 | Spider:1 | Entered Level 1 of the Spider Nest
 26244 | Spider:1 | Noticed Josephine
 26257 | Spider:1 | Killed Josephine
 26322 | Spider:1 | Reached skill level 15 in Armour
 26554 | Spider:1 | You fall into a shaft and drop 1 floor!
 26678 | Spider:1 | Got a crystal flail
 26823 | Spider:2 | Gained mutation: You passively map a large area around you.
                  | [Deep Dwarf growth]
 26823 | Spider:2 | Reached XP level 18. HP: 149/168 MP: 0/26
 27616 | Spider:3 | Noticed Donald
 27626 | Spider:3 | Killed Donald
 27712 | Spider:3 | Noticed Bai Suzhen
 27756 | Spider:3 | Killed Bai Suzhen
 27942 | Spider:3 | Noticed Nikola
 27979 | Spider:3 | Killed Nikola
 28269 | Spider:4 | Entered Level 4 of the Spider Nest
 28530 | Spider:4 | Reached skill level 10 in Crossbows
 28974 | Spider:4 | Got a gossamer rune of Zot
 29937 | Lair:6   | Reached XP level 19. HP: 178/178 MP: 26/26
 31044 | Slime:1  | Entered Level 1 of the Pits of Slime
 31591 | Swamp:1  | Entered Level 1 of the Swamp
 33930 | Swamp:3  | Got a twisted shortbow
 33931 | Swamp:3  | Identified the cursed +3 shortbow "Zuge" {venom, Str+4
                  | Dex+5} (You found it on level 3 of the Swamp)
 34188 | Swamp:4  | Entered Level 4 of the Swamp
 34279 | Swamp:4  | Reached skill level 15 in Shields
 34421 | Swamp:4  | Reached XP level 20. HP: 189/189 MP: 28/28
 34435 | Swamp:4  | Noticed the 27-headed Lernaean hydra
 34447 | Swamp:4  | Killed the 27-headed Lernaean hydra
 34593 | Swamp:4  | Got a decaying rune of Zot
 35834 | Vaults:1 | Entered Level 1 of the Vaults
 35959 | Vaults:1 | You fall into a shaft and drop 1 floor!
 36602 | Vaults:2 | Noticed Sojobo
 36623 | Vaults:2 | Killed Sojobo
 37087 | Vaults:2 | Found Wuroap's Distillery.
 37532 | Vaults:2 | Reached skill level 15 in Dodging
 38551 | Vaults:3 | Noticed Jory
 38578 | Vaults:3 | Killed Jory
 39435 | Vaults:3 | Reached skill level 16 in Shields
 39459 | Vaults:3 | Found a staircase to the Crypt.
 39681 | Vaults:4 | Reached skill level 10 in Evocations
 39882 | Vaults:4 | Reached XP level 21. HP: 199/199 MP: 27/27
 39908 | Vaults:4 | Found a ruined gateway.
 39931 | Desolati | Entered the Desolation of Salt
 40192 | Desolati | Got a scorched whip
 40199 | Desolati | Identified Bywkotem's Handbook of Moulding and Summoning
 40204 | Desolati | Identified the Papyrus of the Supportive Arsonist
 40207 | Desolati | Identified the +7 whip of Contradiction {distort, +Blink
                  | rPois MR+ Dex+4} (You found it in the Desolation of Salt)
 40208 | Desolati | Identified the +7 trident of Lomabl Fukai {pierce, rElec
                  | MR+ Int+3} (You found it in the Desolation of Salt)
 40325 | Desolati | Found the +7 lajatang of Order {silver, rMut}
 40350 | Desolati | Found the +11 plutonium sword {*Contam Stlth-}
 40353 | Desolati | Identified the Compendium of Earthen Augmentations
 40369 | Desolati | Identified the Guide on Creation and the Frostbite
 40470 | Desolati | Reached skill level 15 in Fighting
 40705 | Desolati | Got a smoking bronze ring
 40709 | Desolati | Identified the ring "Pigaer" {Ice Str+3} (You found it in
                  | the Desolation of Salt)
 40713 | Desolati | Got a scorched silver ring
 40715 | Desolati | Identified the ring "Omere" {+Blink Stlth-} (You found it
                  | in the Desolation of Salt)
 41121 | Vaults:4 | Found Zeakeu's Distillery.
 41243 | Vaults:4 | Found a radiant altar of Vehumet.
 41265 | Vaults:4 | Got a bloodstained long sword
 41266 | Vaults:4 | Identified the cursed +0 long sword of the Open Hand
                  | {drain, Str+3} (You found it on level 4 of the Vaults)
 41295 | Vaults:4 | Got a slimy hat
 41306 | Vaults:4 | Identified the cursed -1 hat of the Devil {rPois rC+ Str+4
                  | Dex+5} (You found it on level 4 of the Vaults)
 41470 | Vaults:4 | Noticed Saint Roka
 41497 | Vaults:4 | Killed Saint Roka
 41925 | Vaults:4 | Reached skill level 17 in Shields
 42141 | Vaults:5 | Entered Level 5 of the Vaults
 42216 | Vaults:4 | Reached XP level 22. HP: 211/211 MP: 28/28
 42492 | Vaults:5 | Noticed Frederick
 42505 | Vaults:5 | Killed Frederick
 42896 | Vaults:5 | Reached skill level 18 in Shields
 42903 | Vaults:5 | Noticed an ancient lich
 42919 | Vaults:5 | Paralysed by an ancient lich for 4 turns
 42931 | Vaults:4 | Killed an ancient lich
 43167 | Vaults:5 | Found the +5 scythe "Finisher" {speed, eviscerate}
 43780 | Vaults:5 | Found the ring of Phasing {EV+8}
 43853 | Vaults:5 | Got a translucent chain mail
 43854 | Vaults:5 | Identified the cursed +1 chain mail "Juats" {rF++ rN+ rCorr
                  | Int-2} (You found it on level 5 of the Vaults)
 43891 | Vaults:5 | Got a silver rune of Zot
 43982 | Vaults:5 | Got a sparkling brass ring
 43987 | Vaults:5 | Identified the ring "Avura" {rC+ Slay+2} (You found it on
                  | level 5 of the Vaults)
 44484 | Crypt:1  | Entered Level 1 of the Crypt
 44507 | Crypt:1  | Reached XP level 23. HP: 222/222 MP: 29/29
 46539 | Crypt:3  | Entered Level 3 of the Crypt
 47303 | Crypt:3  | Reached skill level 19 in Shields
 47394 | Crypt:3  | Reached skill level 1 in Stealth
 47452 | Crypt:3  | Found a transporter.
 47454 | Crypt:3  | Noticed Bombadill's ghost (veteran BaFE)
 47852 | Crypt:3  | Reached XP level 24. HP: 234/234 MP: 29/29
 47865 | Crypt:3  | Found an ancient bone altar of Kikubaaqudgha.
 47865 | Crypt:3  | Found a basalt altar of Yredelemnul.
 47904 | Crypt:3  | Reached skill level 5 in Stealth
 48029 | Crypt:3  | Identified a scroll of acquirement
 48033 | Crypt:3  | Got a blackened large shield
 48044 | Crypt:3  | Identified the +10 large shield "Zitym" {rC- rN++ Dex+3}
                  | (You acquired it on level 3 of the Crypt)
 48071 | Crypt:3  | Got a crude morningstar
 48072 | Crypt:3  | Identified the +6 morningstar of Suicidal Tendencies
                  | {crush, *Corrode +Inv Str+6} (You found it on level 3 of
                  | the Crypt)
 48082 | Crypt:3  | Got a crude great mace
 48088 | Crypt:3  | Identified the +10 great mace "Geuth" {speed, Str+5 Int-3}
                  | (You found it on level 3 of the Crypt)
 48240 | Crypt:3  | Noticed Mara
 48241 | Crypt:3  | Found a transporter.
 48299 | Crypt:3  | Killed Bombadill's ghost
 48308 | Crypt:3  | Identified the Guide on the Birds
 48362 | Crypt:3  | Killed Mara
 48704 | Crypt:3  | Found a staircase to the Tomb.
 48710 | Tomb:1   | Entered Level 1 of the Tomb of the Ancients
 50219 | Depths:1 | Entered Level 1 of the Depths
 50675 | Depths:1 | Found Baiq Mej's Pet Rocks.
 50675 | Depths:1 | Found a gateway to Hell.
 50758 | Depths:1 | Reached skill level 20 in Shields
 50777 | Depths:1 | Reached XP level 25. HP: 243/243 MP: 27/27
 51020 | Depths:2 | Found Jeni's Assorted Antiques.
 51090 | Depths:2 | Reached skill level 15 in Crossbows
 51110 | Depths:2 | Reached skill level 10 in Stealth
 51273 | Depths:2 | Got a translucent bronze ring
 51275 | Depths:2 | Identified the ring "Kanuaden" {rF+ Dex+4} (You found it on
                  | level 2 of the Depths)
 51489 | Depths:2 | Found a one-way gate to the infinite horrors of the Abyss.
 51878 | Depths:2 | Found a shattered altar of Ashenzari.
 51984 | Depths:2 | Noticed an ancient lich
 51984 | Depths:2 | Noticed nightchill's ghost (adept MfAK)
 51985 | Depths:2 | Found a transporter.
 52077 | Depths:2 | Found a transporter.
 52397 | Depths:2 | Killed an ancient lich
 52424 | Depths:2 | Killed nightchill's ghost
 52709 | Depths:3 | Got a shimmering buckler
 52710 | Depths:3 | Identified the +1 buckler of Altruism {+Blink SInv} (You
                  | found it on level 3 of the Depths)
 53250 | Depths:3 | Identified the ring of Roitung {Int+4 SInv}
 53299 | Depths:3 | Reached XP level 26. HP: 255/255 MP: 27/27
 53346 | Depths:3 | Found a one-way gate leading to the halls of Pandemonium.
 53418 | Depths:3 | Got an amethyst-encrusted chain mail
 53429 | Depths:3 | Identified the +8 chain mail of the Princeling {rF+ rC++
                  | MP+9} (You found it on level 3 of the Depths)
 54018 | Depths:4 | Reached skill level 21 in Shields
 54417 | Depths:4 | Found the +3 pair of gauntlets of War {Slay+5}
 54613 | Depths:4 | Found Wulaomuck's Assorted Antiques.
 54731 | Depths:4 | Noticed Boris
 54764 | Depths:4 | Killed Boris
 54884 | Depths:4 | Found a flickering gateway to a bazaar.
 54962 | Bazaar   | Entered a bazaar
 54963 | Bazaar   | Found Saobow's Magic Scroll Emporium.
 54963 | Bazaar   | Found Zucirph's Book Emporium.
 54964 | Bazaar   | Found Mopainaf's Assorted Antiques.
 54970 | Bazaar   | Found Orieloy's Weapon Boutique.
 55005 | Bazaar   | Bought a scroll of identify for 24 gold pieces
 55005 | Bazaar   | Bought a scroll of identify for 24 gold pieces
 55005 | Bazaar   | Bought a scroll of identify for 24 gold pieces
 55022 | Bazaar   | Bought a scroll of blinking for 165 gold pieces
 55098 | Depths:5 | Entered Level 5 of the Depths
 55431 | Depths:5 | Found a gate to the Realm of Zot.
 55617 | Zot:1    | Entered Level 1 of the Realm of Zot
 56374 | Zot:1    | Reached skill level 15 in Stealth
 57019 | Zot:2    | Reached XP level 27. HP: 266/266 MP: 27/27
 58132 | Zot:3    | Reached skill level 22 in Shields
 59631 | Zot:5    | Entered Level 5 of the Realm of Zot
 59828 | Zot:5    | Found a runed translucent gate.
 59832 | Zot:5    | Found a runed translucent gate.
 59832 | Zot:5    | Found a runed translucent gate.
 59834 | Zot:5    | Noticed Inkhbe's ghost (veteran CeHu)
 59874 | Zot:5    | Killed Inkhbe's ghost
 59887 | Zot:5    | Got a pair of polished gloves
 59888 | Zot:5    | Identified the +0 pair of gloves of the Blacksmith {MR+}
                  | (You found it on level 5 of the Realm of Zot)
 59901 | Zot:5    | Got a smoking chain mail
 59902 | Zot:5    | Identified the +3 chain mail "Isumedi" {rElec MR+ Regen+}
                  | (You found it on level 5 of the Realm of Zot)
 60223 | Zot:5    | Noticed an ancient lich
 60231 | Zot:5    | Noticed an orb of fire
 60236 | Zot:5    | Noticed an orb of fire
 60239 | Zot:5    | Gained mutation: Your system is resistant to poisons.
                  | (rPois) [an orb of fire]
 60246 | Zot:5    | Noticed an ancient lich
 60247 | Zot:5    | Gained mutation: Scrolls take you a little longer to read.
                  | [an orb of fire]
 60248 | Zot:5    | Gained mutation: Your mind is acute. (Int +2) [an orb of
                  | fire]
 60254 | Zot:5    | Gained mutation: Your body sometimes deteriorates upon
                  | taking damage. [an orb of fire]
 60257 | Zot:5    | Noticed an ancient lich
 60259 | Zot:5    | Gained mutation: You are clumsy. (Dex -2) [an orb of fire]
 60262 | Zot:5    | Killed an orb of fire
 60274 | Zot:5    | Killed an ancient lich
 60279 | Zot:5    | Noticed an ancient lich
 60283 | Zot:5    | Killed an ancient lich
 60285 | Zot:5    | Killed an orb of fire
 60288 | Zot:5    | Reached skill level 23 in Shields
 60305 | Zot:5    | Killed an ancient lich
 60345 | Zot:5    | Noticed an orb of fire
 60350 | Zot:5    | Noticed an ancient lich
 60350 | Zot:5    | Noticed an ancient lich
 60352 | Zot:5    | Gained mutation: You tend to lose your temper in combat.
                  | [an orb of fire]
 60360 | Zot:5    | HP: 1/268 [Orb Guardian (30)]
 60361 | Zot:5    | Mangled by a shard shrike

Levels and vault maps discovered:
D:1:      dpeg_arrival_rooms_with_view, layout_loops_corners,
          corexii_hall_statues_l, minmay_misc_feat_square, grunt_decor_fettered
D:2:      layout_loops_ring, bloody_trog, nemelex_xobeh_ov_fountains_minmay,
          uniq_natasha
D:3:      layout_rooms, zin_purify
D:4:      layout_loops_ring, grunt_temple_overflow_magic_moments,
          kennysheep_mini_moat, lemuel_coloured_pillars_altar,
          minmay_temple_entry_arrows, feat_on_display
D:5:      layout_loops_cross, serial_shops, nicolae_shop_stone, first_ration,
          ebering_ghost_disaster_area
D:6:      layout_basic, ebering_ghost_gozag, dk_vineyard_3, hex_medium,
          sigmund_army, uniq_duvessa, uniq_edmund
D:7:      layout_basic, chequers_serial_rivers_small_3, worms_lemuel
D:8:      layout_gridville, hangedman_ranch [blue_anna_fruit_fields],
          minivault_24, minmay_liquid_box, lemuel_mausoleum_altar_kikubaaqudgha,
          uniq_harold, uniq_maurice, uniq_grum, uniq_prince_ribbit1
D:9:      layout_loops_cross, erik_lair_island, serial_shops, kennysheep_mini
D:10:     layout_roguey, orc_0_dummy, ebering_dispersal_statue_hall,
          uniq_nergalle, uniq_erica
D:11:     layout_stronghold, serial_column_ruins, column_ruins_open_tiny,
          column_ruins_open_tiny, column_ruins_open_tiny_water,
          column_ruins_columns_corner, column_ruins_corridor_straight,
          minmay_nine_imps
D:12:     wander_river, layout_cave_pools, uniq_frances
D:13:     layout_cave_pools, uniq_sonja, uniq_nessos
D:14:     layout_loops_ring, lightli_vaults_fourway_checkpoint,
          hangedman_abyss_or_decor_slice, serial_shops, shop, uniq_azrael
D:15:     grunt_enter_depths_hoard, layout_rooms, grunt_decor_arrowhead,
          serial_shops, nicolae_shop_waterfront
Temple:   regret_index_temple_waves
Lair:1:   layout_misc_corridors, ebering_ghost_xom, minmay_shattered_shrine,
          grunt_megastairs_4, lemuel_fruit_tree, uniq_joseph
Lair:2:   layout_regular_city, spider_nest_entry_a,
          nicolae_quartered_pool_little
Lair:3:   layout_regular_city, gauntlet_entry_generic, gammafunk_ghost_icy,
          beast_lair_carwin_10, uniq_rupert
Lair:4:   layout_roguey, skrybe_swamp_entry_bodies,
          grunt_forest_large_clearings, grunt_megastairs_1, serial_bayou_shore_b
Lair:5:   layout_misc_corridors, slime_altar_1, lemuel_fruit_fields
Lair:6:   minmay_lair_end_frog_pond, layout_regular_city,
          nicolae_volcano_entry_batcave, guppyfry_lair_drakes,
          minmay_lair_oklob_chamber
Swamp:1:  layout_basic_swamp, nicolae_swamp_triple_paths
Swamp:2:  layout_falls_marsh, evilmike_swamp_ruin_house_1, swamp_pool3,
          nicolae_swamp_dragon_and_kin
Swamp:3:  layout_falls_marsh, evilmike_swamp_ruin_house_5
Swamp:4:  grunt_swamp_rune_castle, layout_basic_swamp
Spider:1: layout_spider_delve, uniq_josephine
Spider:2: layout_spider_delve, nicolae_crawler_farm
Spider:3: layout_spider_delve, uniq_nikola, uniq_bai_suzhen, uniq_donald
Spider:4: spider_rune_water
Slime:1:  layout_caves
Orc:1:    layout_diamond_mine
Orc:2:    st_orc_open, layout_diamond_mine
Elf:1:    eino_elf_arrival_altar, layout_loops_cross, uniq_jorgrun
Elf:2:    layout_loops_ring, serial_shops, shop_fountains
Elf:3:    minmay_elf_hall_statues, layout_geoelf_castle
Vaults:1: hangedman_vaults_stitches, v_misc_11, v_pattern_3,
          hangedman_vaults_nails, nicolae_vaults_gold_heap,
          vaults_standard_mumra_lines, v_misc_26, v_misc_22,
          hangedman_vaults_impose, vaults_dpeg_cross, layout_vaults_maze_snakey
Vaults:2: nicolae_vaults_angled_halls, nicolae_vaults_triangles, v_misc_26,
          v_rooms_3, nicolae_vaults_yaktaur_gun_rack, grunt_vaults_swirl,
          nicolae_vaults_murderbox, v_alt_pattern_6,
          nicolae_vaults_shelves_hall, v_misc_17,
          nicolae_vaults_diagonal_hallway_8, vaults_room_stairs_pillars,
          layout_vaults_omnibox, serial_shops, shop_statue, uniq_sojobo
Vaults:3: vaults_room_grid, ontoclasm_vaults_tryst,
          ontoclasm_vaults_ring_square, blue_anna_dwarven_crypt,
          nicolae_vaults_little_squares_5, grunt_vaults_focal,
          vaults_dpeg_hooks, layout_vaults_quadrants, uniq_jory
Vaults:4: grunt_vaults_funnel, v_pattern_1, grunt_tower_of_power,
          hangedman_vaults_river_flow, v_misc_2, nicolae_vaults_three_branches,
          v_rooms_2, serial_ice_g, grunt_vaults_hallway_short,
          layout_vaults_omnicross, portal_desolation_entry_salt, serial_shops,
          shop, uniq_saint_roka
Vaults:5: uniq_frederick
Crypt:1:  layout_gridlike, st_vampire_maze
Crypt:2:  layout_chaotic_city
Crypt:3:  lightli_unholy_cathedral, layout_chaotic_city,
          nicolae_tomb_entry_rubble_hallway, gammafunk_ghost_mausoleum,
          chequers_big_river, uniq_mara
Tomb:1
Depths:1: layout_cave_pools, hell_entry, kennysheep_path_1,
          hangedman_decor_lopped, grunt_ministairs_15, minmay_misc_feat_five,
          guppyfry_shop_earth
Depths:2: minmay_expanding_squares, layout_gridlike, abyss_entry_crystal,
          nrook_mini_vaults, hell_entry, serial_shops, shop,
          gammafunk_ghost_mausoleum, minmay_strange_pillars, ashenzari_altar_1,
          grunt_megastairs_2, infiniplex_staircase_pillars_3b
Depths:3: minmay_triangles_in_corner, layout_cave_pools, pf_coc_iceberg,
          rand_demon_pan_entry_1, minivault_12, infiniplex_staircase_zigzag_1
Depths:4: minmay_connected_boxes_in_corner, layout_cave_pools, serial_shops,
          bzr_in_the_mist, nicolae_shop_competitors_out_of_business,
          abyss_entry, eino_curves_02, pf_hell_entry_tar_spiral,
          infiniplex_staircase_zigzag_3, uniq_boris
Depths:5: grunt_twist_and_shout, layout_cave_shapes, enter_ziggurat_a,
          serial_shops, nicolae_shop_statue_plus, grunt_hell_horde,
          grunt_ministairs_5
Zot:1:    layout_basic
Zot:2:    layout_cathedral_of_symmetry
Zot:3:    infiniplex_zot_generator, layout_onion_interference,
          hangedman_zot_diagonal_lockstep
Zot:4:    layout_misc_corridors, st_stairs_8
Zot:5:    layout_misc_corridors, gammafunk_ghost_split

Skill      XL: |  1  2  3  4  5  6  7  8  9 10 11 12 13 14 15 16 17 18 19 20 21 22 23 24 25 26 27 |
---------------+----------------------------------------------------------------------------------+-----
Axes           | 3 4 5 7 8 9 10 11 12 13 14 15 16 17 18 19 20 21 | 21.0
Slings         | 1 3 |  3.0
Fighting       | 3 5 6 7 8 9 10 11 12 13 14 15 16 17 18 19 20 | 20.0
Armour         | 4 6 7 8 10 11 12 13 15 17 18 19 20 21 22 | 22.8
Invocations    | 1 3 6 8 10 12 13 15 16 17 18 19 | 19.0
Evocations     | 3 5 7 8 9 10 | 10.0
Shields        | 5 7 8 9 10 11 13 14 15 16 17 18 19 20 21 23 | 23.1
Dodging        | 5 7 9 10 12 13 14 15 16 17 18 19 20 | 20.8
Crossbows      | 2 8 10 11 13 14 15 | 15.0
Stealth        | 4 9 12 15 18 | 18.2

Action                   |  1- 3 |  4- 6 |  7- 9 | 10-12 | 13-15 | 16-18 | 19-21 | 22-24 | 25-27 || total
-------------------------+-------+-------+-------+-------+-------+-------+-------+-------+-------++-------
Melee: War axe           |    91 |   196 |   321 |   568 |   859 |  1264 |  1517 |  1641 |  1962 ||  8419
       Hand axe          |       |       |       |    12 |    22 |    45 |    81 |       |       ||   160
       Hand crossbow     |       |       |       |       |       |     1 |       |       |       ||     1
 Fire: Fustibalus        |       |    12 |     2 |    66 |       |       |       |       |       ||    80
       Hand crossbow     |       |       |       |       |       |   195 |   103 |    62 |    23 ||   383
Invok: Minor Destruction |       |       |     1 |       |       |       |       |       |       ||     1
       Lesser Servant of |       |       |       |     3 |     2 |     1 |       |       |       ||     6
       Greater Servant o |       |       |       |       |       |     2 |     1 |     1 |       ||     4
 Abil: Heal Wounds       |       |     4 |    12 |     2 |     4 |     6 |     2 |    13 |     1 ||    44
       Evoke Blink       |       |       |     1 |     1 |       |       |       |       |       ||     2
Evoke: Wand              |       |       |     3 |     5 |     6 |       |       |       |     1 ||    15
       Phantom mirror    |       |       |       |       |     1 |       |     1 |       |       ||     2
  Use: Scroll            |     3 |       |     5 |    13 |    20 |    23 |    22 |     9 |    14 ||   109
       Potion            |     1 |       |     2 |     4 |     4 |     1 |     2 |    10 |       ||    24
 Stab: Distracted        |       |       |       |     2 |     2 |     1 |       |     3 |     2 ||    10
       Held in net/web   |       |       |       |       |       |     2 |       |       |       ||     2
       Confused          |       |       |       |       |       |       |     1 |       |     5 ||     6
       Sleeping          |       |       |       |       |       |       |       |     1 |    10 ||    11
  Eat: Chunk             |     3 |     4 |    11 |    12 |     2 |     2 |       |       |       ||    34
       Ration            |       |       |     1 |     3 |     7 |     9 |    12 |     9 |    10 ||    51
Armor: Scale mail        |    53 |    72 |    38 |       |       |       |       |       |       ||   163
       Chain mail        |       |       |    60 |   144 |   125 |   276 |   241 |   151 |   252 ||  1249
       Plate armour      |       |       |       |    67 |       |       |       |       |       ||    67
       Skin              |       |       |       |       |       |       |       |       |     6 ||     6
Dodge: Dodged            |    30 |    59 |    67 |   131 |   140 |   402 |   362 |   530 |   986 ||  2707
       Deflected         |       |       |       |       |       |     2 |       |       |       ||     2
Block: Shield            |    55 |    83 |   126 |   257 |    46 |       |       |       |       ||   567
       Large shield      |       |       |       |       |   723 |  1834 |  2021 |  2312 |  2737 ||  9627
       Reflection        |       |       |       |       |    48 |    94 |   135 |    93 |    68 ||   438
